 Dungeon Crawl Stone Soup version 0.29.0-13-gc9e81de378 (webtiles) character file.

Game seed: 6587228493663591394

8 DungeonMaster the Changer (level 2, 19/20 HPs)
             Began as a Demonspawn Wanderer on Sept 8, 2022.
             Quit the game on level 1 of the Dungeon.
             The game lasted 00:02:46 (1073 turns).

DungeonMaster the Changer (Demonspawn Wanderer)     Turns: 1073, Time: 00:02:47

Health: 19/20      AC:  2    Str: 13    XL:     2   Next: 0%
Magic:  3/3        EV: 11    Int: 16    God:
Gold:   13         SH:  0    Dex:  8    Spells: 2/3 levels left

rFire   . . .      SeeInvis .   a - +0 club
rCold   . . .      Faith    .   (no shield)
rNeg    . . .      Spirit   .   c - +0 robe
rPois   .          Reflect  .   (helmet restricted)
rElec   .          Harm     .   (no cloak)
rCorr   .          Rampage  .   (no gloves)
Will    .....                   (no boots)
Stlth   +.........              (no amulet)
HPRegen 0.06/turn               (no ring)
MPRegen 0.08/turn               (no ring)

@: no status effects
A: antennae 1
a: no special abilities


You were on level 1 of the Dungeon.
You visited 1 branch of the dungeon, and saw 1 of its levels.

You collected 13 gold pieces.

Inventory:

Hand Weapons
 a - a +0 club (weapon)
Armour
 c - a +0 robe (worn)
Wands
 d - a wand of flame (3) (quivered)
Potions
 b - a potion of heal wounds


   Skills:
 * Level 0.5 Fighting
 - Level 1.0 Armour
 * Level 1.2 Dodging
 * Level 1.2 Spellcasting
 - Level 2.6 Transmutations
 * Level 2.0 Ice Magic
 - Level 2.0 Evocations


You had 2 spell levels left.
You knew the following spells:

 Your Spells              Type           Power      Damage    Failure   Level
a - Freeze                Ice            28%        1d5       10%         1

Your spell library contained the following spells:

 Spells                   Type           Power      Damage    Failure   Level
 Beastly Appendage        Tmut           18%        N/A       8%          1
 Passwall                 Tmut/Erth      4%         N/A       21%         2
 Ozocubu's Armour         Ice            7%         N/A       28%         3
 Spider Form              Tmut/Pois      5%         N/A       36%         3


Dungeon Overview and Level Annotations

Branches:
Dungeon (1/15)

Altars:


Innate Abilities, Weirdness & Mutations

You have a pair of small antennae on your head.


Message History

There is an open door here.
You hit the giant cockroach but do no damage.
The giant cockroach closely misses you.
You hit the giant cockroach.
The giant cockroach is lightly wounded.
The giant cockroach misses you. The giant cockroach closely misses you.
You hit the giant cockroach.
The giant cockroach is heavily wounded.
The giant cockroach barely misses you.
You closely miss the giant cockroach.
The giant cockroach is heavily wounded.
The giant cockroach barely misses you.
The giant cockroach bites you but does no damage.
You hit the giant cockroach but do no damage.
The giant cockroach is heavily wounded.
The giant cockroach closely misses you. x2
You hit the giant cockroach.
You kill the giant cockroach!
Casting: Freeze (safe; 10% risk of failure)
Confirm with . or Enter, or press ? or * to list all spells.
Aiming: Freeze (safe; 10% risk of failure)
Press: ? - help, Shift-Dir - straight line, f - hobgoblin
Aim: a hobgoblin You freeze the hobgoblin.
The hobgoblin is almost dead.
The hobgoblin hits you.
Casting: Freeze (safe; 10% risk of failure)
Confirm with . or Enter, or press ? or * to list all spells.
Aiming: Freeze (safe; 10% risk of failure)
Press: ? - help, Shift-Dir - straight line, f/p - hobgoblin
Aim: a hobgoblin (almost dead)
You freeze the hobgoblin.
You kill the hobgoblin!
You have reached level 2!
You feel monstrous as your demonic heritage exerts itself.
Your demonic ancestry asserts itself...
A pair of antennae grows on your head!
You start resting.
Magic restored.
Are you sure you want to abandon this character and quit the game? (Confirm with "yes".)

..........########..
#.###...........#####....#
#..................†....##
#..................####.##
#..... #####...######.....
##..... ##..## ######
....... ##...#
.......####..#.#
.......'.†@.##.#
.......#######.# .>.....
..# ....B.$ #.. .......
#.. ....... .# .......
.......


There were no monsters in sight!

Vanquished Creatures
  An endoplasm (D:1)
  A giant cockroach (D:1)
  2 hobgoblins (D:1)
  A ball python (D:1)
  A bat (D:1)
  A frilled lizard (D:1)
  A rat (D:1)
8 creatures vanquished.

Notes
Turn   | Place    | Note
-------+----------+-------------------------------------------
     0 | D:1      | DungeonMaster the Demonspawn Wanderer began the quest for
                  | the Orb.
     0 | D:1      | DungeonMaster set off with the following items: a +0 club,
                  | a potion of heal wounds, a +0 robe, a wand of flame (3);
                  | and the following spells available to memorise: Beastly
                  | Appendage, Freeze, Passwall, Ozocubu's Armour, Spider Form.
     0 | D:1      | Reached XP level 1. HP: 13/13 MP: 2/2
   450 | D:1      | Learned a level 1 spell: Freeze
  1037 | D:1      | Discovered your monstrous ancestry.
  1037 | D:1      | Gained mutation: You have a pair of small antennae on your
                  | head. [demonic ancestry]
  1037 | D:1      | Reached XP level 2. HP: 17/20 MP: 0/3
  1073 | D:1      | Quit the game

Illustrated notes

Levels and vault maps discovered:
D:1:      ebering_trefoil_twist, layout_basic,
          shapermc_ecumenical_altar_mp_urbaneastern,
          chequers_serial_rivers_micro_b

Skill      XL: |  1 |
---------------+----+-----
Ice Magic      | 2 |  2.0
Fighting       | |  0.5
Armour         | |  1.0
Dodging        | |  1.2
Spellcasting   | |  1.2
Transmutations | |  2.6
Evocations     | |  2.0

Action                   || total
-------------------------++-------
Melee: Club              ||    21
 Cast: Freeze            ||     9
Armor: Robe              ||     5
Dodge: Dodged            ||    14
